Map: 2000 Atmospheres LE

Players

mik

  • Race: Zerg Zerg
  • League: Diamond
  • Spawn Location: 3:00

Pumba - Winner!

  • Race: Protoss Protoss
  • League: Diamond
  • Spawn Location: 7:00

VOD

Have the link to the VOD?

Description

Time

  • Played on: Feb. 15, 2022, 6:27 p.m.
  • Length: 12:26
Show
View Real Time Build Order
Export as new Build Order

mik Zerg 

Build Orders: Pool First 

Get SALT Encoding   

  12  0:21  Spawning Pool  
  11  0:22  Drone  
  11  0:26  Drone  
  13  0:30  Drone  
  14  0:40  Overlord  
  14  1:07  Zergling x6  
  14  1:08  Queen  
  19  1:19  Zergling x2  
  20  1:32  Zergling x2  
  21  1:33  Hatchery  
  20  1:45  Queen  
  22  2:12  Overlord  
  21  2:31  Drone  
  21  2:32  Drone x4  
  26  2:47  Extractor  
  26  2:49  Overlord  
  26  2:50  Drone  
  26  2:56  Queen  
  26  2:58  Queen  
  30  2:59  Overlord  
  30  3:05  Drone  
  30  3:06  Drone x3  
  30  3:10  Drone  
  35  3:16  Drone  
  35  3:17  Drone  
  34  3:38  Drone x5  
  38  4:04  Drone  
  38  4:05  Drone x8  
  47  4:19  Hatchery  
  46  4:24  Overlord  
  46  4:26  Overlord  
  46  4:40  Roach Warren  
  46  4:44  Extractor x2  
  43  4:45  Metabolic Boost  
  43  4:47  Drone  
  43  4:48  Drone x3  
  43  4:49  Drone x2  
  43  4:50  Drone  
  43  4:51  Drone  
  51  4:56  Lair  
  51  4:59  Drone  
  52  5:02  Overlord  
  52  5:05  Overlord  
  52  5:09  Overlord  
  52  5:25  Roach x6  
  66  5:37  Drone  
  66  5:38  Drone x4  
  69  5:46  Spore Crawler  
  64  5:55  Overseer  
  62  6:01  Queen x2  
  63  6:16  Drone x3  
  65  6:19  Hatchery  
  64  6:27  Drone x3  
  67  6:37  Queen  
  69  6:43  Spore Crawler  
  68  7:01  Spore Crawler  
  67  7:02  Drone x7  
  67  7:03  Drone x6  
  67  7:06  Extractor x2  
  78  7:11  Queen  
  78  7:14  Overlord  
  75  7:31  Roach  
  75  7:32  Roach x6  
  87  7:48  Drone x2  
  90  7:51  Drone  
  90  7:52  Overlord x4  
  90  7:57  Extractor  
  89  8:00  Hydralisk Den, Queen  
  89  8:01  Hatchery  
  89  8:12  Glial Reconstitution  
  89  8:16  Evolution Chamber x2  
  87  8:40  Grooved Spines  
  87  8:41  Zerg Missile Weapons Level 1  
  87  8:42  Zerg Ground Armor Level 1  
  87  8:57  Drone  
  87  8:58  Drone x14  
  87  8:59  Drone x8  
  110  9:09  Overlord x3  
  110  9:10  Overlord  
  110  9:20  Extractor  
  110  9:22  Extractor  
  108  9:33  Hydralisk x2, Infestation Pit  
  108  9:34  Hydralisk x11  
  134  9:38  Drone x3  
  136  9:51  Muscular Augments  
  136  10:01  Overlord x5  
  136  10:03  Overlord x2  
  136  10:05  Hydralisk  
  136  10:06  Hydralisk x5  
  148  10:16  Hatchery  
  147  10:28  Spore Crawler  
  146  10:31  Drone  
  146  10:32  Drone x4, Spine Crawler  
  146  10:33  Drone, Spine Crawler x3  
  148  10:36  Hydralisk x6  
  160  10:45  Hydralisk  
  160  10:46  Hydralisk x4  
  170  10:59  Hydralisk  
  170  11:00  Hydralisk x6  
  184  11:10  Hydralisk x2  
  184  11:11  Hydralisk x3  
  188  11:12  Hydralisk  
  188  11:14  Hydralisk  
  188  11:15  Hydralisk  
  159  11:33  Hydralisk, Swarm Host  
  159  11:34  Hydralisk x2  
  93  11:41  Roach x10  
  93  11:42  Roach  
Show
View Real Time Build Order
Export as new Build Order

Pumba Protoss - Winner!

Build Orders: Archon Immortal 

Get SALT Encoding   

  12  0:01  Probe  
  13  0:14  Probe  
  14  0:20  Pylon  
  14  0:26  Probe  
  15  0:39  Probe (Chrono Boost)  
  16  0:44  Gateway  
  16  0:48  Probe (Chrono Boost)  
  17  0:54  Assimilator  
  17  0:55  Probe  
  18  1:08  Probe  
  19  1:20  Probe  
  20  1:28  Pylon  
  20  1:31  Pylon  
  20  1:32  Zealot (Chrono Boost)  
  22  1:33  Cybernetics Core  
  22  1:35  Gateway  
  22  1:42  Probe  
  22  1:53  Zealot (Chrono Boost)  
  24  2:13  Adept (Chrono Boost)  
  26  2:21  Nexus, Probe  
  27  2:23  Adept  
  29  2:43  Pylon  
  29  2:44  Probe, Assimilator  
  30  2:51  Warp Gate  
  30  3:01  Stalker  
  30  3:05  Probe  
  33  3:09  Twilight Council  
  33  3:17  Probe  
  30  3:42  Probe x2 (Chrono Boost)  
  30  3:45  Robotics Facility  
  32  3:54  Probe (Chrono Boost)  
  32  3:55  Probe (Chrono Boost)  
  34  4:05  Probe  
  34  4:06  Probe  
  36  4:12  Dark Shrine  
  36  4:16  Gateway x2  
  36  4:18  Gateway  
  36  4:21  Probe x2  
  38  4:30  Warp Prism (Chrono Boost)  
  38  4:33  Probe (Chrono Boost)  
  38  4:34  Probe (Chrono Boost)  
  42  4:43  Assimilator  
  44  4:46  Probe (Chrono Boost), Assimilator  
  44  4:49  Pylon  
  44  4:51  Probe (Chrono Boost)  
  44  4:53  Probe (Chrono Boost)  
  44  4:54  Pylon  
  44  4:57  Probe (Chrono Boost)  
  46  5:05  Probe  
  47  5:09  Probe  
  48  5:26  Probe x2  
  48  5:27  Dark Templar  
  48  5:28  Dark Templar x3  
  58  5:38  Probe x2  
  60  5:57  Nexus  
  60  6:00  Pylon  
  60  6:01  Sentry x3  
  66  6:06  Charge  
  66  6:08  Robotics Facility, Forge  
  65  6:18  Probe x2  
  65  6:21  Shield Battery  
  65  6:24  Pylon  
  66  6:29  Dark Templar  
  68  6:33  Archon  
  68  6:34  Archon  
  69  6:47  Probe x2  
  69  6:52  Observer (Chrono Boost)  
  69  6:53  Protoss Ground Weapons Level 1  
  71  6:55  Immortal (Chrono Boost)  
  71  6:59  Probe x2  
  77  7:02  Pylon x2  
  77  7:06  Immortal (Chrono Boost)  
  81  7:11  Probe x3  
  84  7:23  Probe x3  
  87  7:35  Probe x2  
  89  7:37  Assimilator  
  89  7:41  Assimilator  
  89  7:42  Gateway  
  89  7:43  Gateway  
  89  7:44  Gateway  
  89  7:45  Immortal, Gateway  
  89  7:46  Immortal  
  89  7:48  Probe  
  89  7:51  Templar Archives  
  98  7:53  Probe x2  
  100  8:00  Probe  
  101  8:12  Probe  
  102  8:16  Pylon x2  
  102  8:17  Probe  
  102  8:19  Pylon  
  103  8:22  Pylon  
  103  8:33  Psionic Storm  
  103  8:41  Immortal  
  103  8:42  Immortal  
  103  8:44  Zealot x3  
  103  8:47  High Templar x4  
  125  8:51  High Templar  
  127  8:56  Probe  
  127  9:00  Photon Cannon  
  128  9:02  Shield Battery  
  128  9:03  Photon Cannon  
  128  9:05  Shield Battery  
  128  9:07  Photon Cannon  
  128  9:27  Protoss Ground Weapons Level 2 (Chrono Boost)  
  128  9:31  Nexus  
  128  9:33  Pylon  
  128  9:35  Pylon  
  128  9:36  High Templar x2  
  132  9:38  High Templar  
  132  9:39  High Templar  
  132  9:40  Zealot x5  
  132  9:42  Archon  
  132  9:43  Archon  
  146  10:11  Zealot x5  
  146  10:12  Zealot x4  
  146  10:13  Pylon  
  164  10:15  Pylon  
  164  10:17  Pylon  
  164  10:18  Pylon  
  164  10:19  Gateway  
  164  10:20  Gateway  
  164  10:22  Observer, Gateway  
  164  10:25  Gateway  
  164  10:36  Zealot x2  
  164  10:37  Zealot x4  
  164  10:42  Observer  
  175  11:14  Zealot x7  
  175  11:15  Zealot x4  
  191  11:36  Archon x2  
Tags
 
Add a new tag
Caveats
  • Supply blocks, unpowered buildings, or Contaminate may cause inaccurate times.
  • Supply counts are checked every 10 seconds.